[Event "Late-Titled-Tuesday-Blitz-March-19-2024"]
[Site "Chess.com"]
[Date "2024.03.19"]
[Round "1"]
[White "tomobeast"]
[Black "RantomOpening"]
[Result "1-0"]
[WhiteElo "2213"]
[BlackElo "2586"]
[TimeControl "180+1"]
[EndTime "14:08:50 PDT"]
[Termination "tomobeast won by checkmate"]

1. e4 c5 2. Nf3 e6 3. c4 Nf6 4. Nc3 Nc6 5. Be2 d5 6. exd5 exd5 7. d4 cxd4 8. Nxd4 Bb4 9. O-O O-O 10. Bg5 Bxc3 11. bxc3 Be6 12. Nxc6 bxc6 13. cxd5 cxd5 14. Qd4 h6 15. Bxf6 Qxf6 16. Qxf6 gxf6 17. Rfd1 Rfc8 18. Bf3 Rxc3 19. Bxd5 Bxd5 20. Rxd5 Rac8 21. g3 Ra3 22. Rd2 Kg7 23. Rb1 Rc6 24. Rb7 Rca6 25. Rdd7 Rxa2 26.
Rxf7+ Kg6 27. Kg2 Kf5 28. Rh7 Rc2 29. Rxa7 Rxa7 30. Rxa7 Kg6 31. Kf3 h5 32. Ra3 Rc4 33. Kg2 Rb4 34. Kh3 Rc4 35. Ra5 Rb4 36. Rc5 Rd4 37. Rc2 Kg5 38. f4+ Kg6 39. Kh4 Ra4 40. Rc5 Ra2 41. h3 Ra3 42. Rxh5 f5 43. Rg5+ Kf6 44. Kh5 Ra8 45. Rg6+ Kf7 46. g4 Ra3 47. Kg5 Rxh3 48. Kxf5 Ra3 49. Rf6+ Kg7 50. Re6 Kf7 51. Re5 Ra6 52. Rb5 Rf6+ 53. Ke4 Re6+ 54.
Kf3 Ra6 55. g5 Ke7 56. Kg4 Ra1 57. Rb7+ Ke6 58. f5+ Ke5 59. Re7+ Kd6 60. Re6+ Kd7 61. g6 Rg1+ 62. Kh5 Rh1+ 63. Kg5 Rg1+ 64. Kf6 Kd8 65. g7 Kd7 66. Kf7 Rf1 67. Rf6 Rg1 68. g8=Q Re1 69.
Qg3 Re7+ 70. Kg6 Ke8 71. Re6 Kf8 72. Rxe7 Kxe7 73. Qe5+ Kf8 74. Qg7+ Ke8 75. Kf6 Kd8 76. Ke6 Kc8 77. Kd6 Kd8 78. Qd7# 1-0

[Event "Late-Titled-Tuesday-Blitz-March-19-2024"]
[Site "Chess.com"]
[Date "2024.03.19"]
[Round "1"]
[White "Real_taiatai"]
[Black "Yaacovn"]
[Result "0-1"]
[WhiteElo "2518"]
[BlackElo "2895"]
[TimeControl "180+1"]
[EndTime "14:08:52 PDT"]
[Termination "Yaacovn won by checkmate"]

1. d4 Nf6 2. c4 e5 3. dxe5 Ne4 4. Nd2 Bb4 5. a3 Nxd2 6. Bxd2 Bxd2+ 7. Qxd2 O-O 8. Nf3 Nc6 9. e3 Qe7 10. Qc3 Re8 11. Be2 Nxe5 12. Nxe5 Qxe5 13. Qxe5 Rxe5 14. O-O-O d6 15. Bf3 Rb8 16. Kc2 Be6 17. Kc3 b5 18. cxb5 Rc5+ 19. Kd2 Rcxb5 20. b4 a5 21. Rc1 axb4 22.
axb4 c5 23. bxc5 dxc5 24. Rc2 Rd8+ 25. Ke2 Bb3 26. Rc3 Bc4+ 27. Rxc4 Rb2+ 28. Ke1 Rb1+ 29.
Ke2 Rxh1 30. Rxc5 Rxh2 31. Rc7 Rh6 32. Bd5 Rf6 33. e4 g6 34. Ke3 Rf8 35. f4 Ra6 36. g4 h6 37. f5 gxf5 38. gxf5 Kg7 39. Kf4 Ra1 40. e5 Ra4+ 41. Be4 Rb8 42. f6+ Kf8 43.
Kf5 Ra5 44. Bd3 Re8 45. Bc4 Raxe5+ 46. Kg4 Re4+ 47. Kf3 Rxc4 48. Rxc4 Kg8 49. Kg4 Kh7 50. Kf5 Ra8 51. Rc5 Ra1 52. Rc7 Ra5+ 53. Kf4 Kg6 54. Rc6 Rf5+ 55. Kg4 Rxf6 56. Rc8 Kg7 57.
Rc7 Rg6+ 58. Kh4 Rg5 59. Rc6 f6 60. Ra6 Kg6 61. Ra8 h5 62. Rg8+ Kf5 63. Rh8 Rg4+ 64.
Kh3 Kg5 65. Rg8+ Kf4 66. Ra8 f5 67. Ra4+ Kg5 68. Ra8 h4 69. Ra7 Rg3+ 70. Kh2 Kg4 71.
Ra6 Rh3+ 72. Kg2 Rg3+ 73. Kf2 Rb3 74. Ra4+ f4 75. Ra8 Rb2+ 76. Kg1 Kg3 77. Rg8+ Kf3 78. Rh8 Rg2+ 79. Kh1 Rg4 80. Ra8 Kg3 81. Ra3+ f3 82. Ra1 Re4 83. Rg1+ Kf4 84. Kh2 f2 85. Rf1 Kf3 86.
Kh3 Ke2 87. Rh1 f1=Q+ 88. Rxf1 Kxf1 89. Kh2 Re3 90. Kh1 Rh3# 0-1

[Event "Late-Titled-Tuesday-Blitz-March-19-2024"]
[Site "Chess.com"]
[Date "2024.03.19"]
[Round "1"]
[White "Eeleyah"]
[Black "AradNazari"]
[Result "1/2-1/2"]
[WhiteElo "2459"]
[BlackElo "2755"]
[TimeControl "180+1"]
[EndTime "14:08:52 PDT"]
[Termination "Game drawn - insufficient material"]

1. d4 d5 2. c4 c6 3. Nc3 g6 4. Nf3 Bg7 5. cxd5 cxd5 6. Bf4 Nf6 7. h3 O-O 8. e3 Nc6 9. Be2 Bf5 10. O-O Rc8 11.
Rc1 Ne4 12. Qb3 Na5 13. Qa4 Nxc3 14. Rxc3 Rxc3 15. bxc3 b6 16. Nd2 Bd7 17. Qb4 Re8 18. Bg5 f6 19. Bh4 Bf8 20. c4 e6 21. Qc3 Qc7 22. Bxf6 Rc8 23. Rc1 Bb5 24. Be5 Qd7 25. e4 Nxc4 26. Nxc4 Bxc4 27. Qe3 Bxa2 28. Rxc8 Qxc8 29.
Qf3 Be7 30. Qg4 Bc4 31. Bf3 Bd3 32. exd5 Bf5 33. Qf4 b5 34. d6 Bd8 35. Qh6 Qd7 36. Bc6 Qf7 37. Bxb5 a5 38. Be8 Qf8 39. Qxf8+ Kxf8 40. Bb5 Bc2 41. d7 a4 42. Bd6+ Kf7 43. Bb4 Be7 44. Kf1 Bb3 45. Ke2 Bd5 46. f3 Bb3 47.
g4 Bd8 48. Ke3 Kf6 49. h4 h6 50. Bd2 g5 51. hxg5+ hxg5 52. Ke4 Bd5+ 53. Kd3 Bxf3 54.
Bxa4 Bxg4 55. Ke4 Bf5+ 56. Kf3 Kf7 57. Bb4 g4+ 58. Kg3 Bc7+ 59. Kg2 Be4+ 60. Kg1 g3 61.
Bd6 Bb6 62. Bc5 Bc7 63. Bd6 Bb6 64. Bxg3 Bxd4+ 65. Bf2 Bxf2+ 66. Kxf2 Ke7 67. Ke3 Bf5 68. Kf4 Bh3 69. Ke5 Bf5 70. Bb3 Kxd7 71. Bxe6+ 1/2-1/2

[Event "Late-Titled-Tuesday-Blitz-March-19-2024"]
[Site "Chess.com"]
[Date "2024.03.19"]
[Round "1"]
[White "RichardShtivelband"]
[Black "SRob2003"]
[Result "0-1"]
[WhiteElo "2375"]
[BlackElo "2693"]
[TimeControl "180+1"]
[EndTime "14:08:54 PDT"]
[Termination "SRob2003 won on time"]

1. d4 Nf6 2. c4 e6 3. Nc3 Bb4 4. Qc2 O-O 5. a3 Bxc3+ 6. Qxc3 d5 7. Nf3 b6 8. Bg5 h6 9. Bxf6 Qxf6 10. cxd5 exd5 11.
Qxc7 Ba6 12. Qe5 Qc6 13. Qe3 Nd7 14. Rc1 Qa4 15. Qd2 Rac8 16. e3 Rxc1+ 17. Qxc1 Rc8 18. Qd1 Qa5+ 19. Nd2 Nf6 20. Bxa6 Qxa6 21. Nb3 Ne4 22.
f3 Nd6 23. Kf2 Nc4 24. Qe2 Qa4 25. Na1 Qb5 26. b3 Nxa3 27. Qxb5 Nxb5 28. Ke2 g5 29. Kd2 Kg7 30. Nc2 a5 31. Ra1 h5 32. Ne1 Rc3 33. Rb1 Rc7 34. Nd3 f6 35. Ne1 h4 36.
h3 Kg6 37. Nd3 Kf5 38. Nf2 Ke6 39. e4 Nxd4 40. Kd3 Nb5 41. exd5+ Kxd5 42. Ne4 Ke5 43. Re1 Kf5 44. Nd2 Rc3+ 45. Ke2 Nd4+ 46. Kf2 Rc2 47.
Ke3 Ne6 48. Nc4 Rc3+ 49. Kd2 Rxb3 50. Nd6+ Kg6 51. Rxe6 Rb2+ 52. Ke3 Rxg2 53. Ne4 Rb2 54. Rxf6+ Kg7 55. Rc6 a4 56. Nxg5 a3 57. Ne6+ Kf7 58. Ng5+ Ke7 59. Rc7+ Kd8 60. Ra7 a2 61. Ne4 b5 62.
Nc3 Rb3 63. Kd4 b4 64. Nxa2 Rxf3 65. Nxb4 Rxh3 66. Kd5 Ke8 67. Ke6 Kf8 68. Kf6 Rf3+ 69. Kg5 h3 70. Nd5 h2 71. Ra1 Rg3+ 72. Kf4 Rg1 73.
Ra8+ Kf7 74. Ra7+ Kg8 75. Nf6+ Kf8 76. Kf5 Rf1+ 0-1

[Event "Late-Titled-Tuesday-Blitz-March-19-2024"]
[Site "Chess.com"]
[Date "2024.03.19"]
[Round "1"]
[White "BigAl"]
[Black "MetiForce"]
[Result "0-1"]
[WhiteElo "2522"]
[BlackElo "2920"]
[TimeControl "180+1"]
[EndTime "14:08:55 PDT"]
[Termination "MetiForce won by resignation"]

1. Nf3 d5 2. g3 c5 3. Bg2 Nc6 4. O-O Nf6 5. d3 e5 6. Nbd2 Be7 7. e4 d4 8. a4 O-O 9. Nc4 Qc7 10. Nh4 Be6 11.
Nf5 Rfe8 12. Nxe7+ Qxe7 13. b3 h6 14. f4 exf4 15.
gxf4 Nh7 16. Kh1 a6 17. Rg1 Kh8 18. Nb6 Rad8 19. f5 Bc8 20. Nd5 Qh4 21. Bd2 Ne5 22. Be1 Qg4 23. h3 Qxd1 24. Rxd1 Bd7 25. a5 Bc6 26.
Nf4 Ng5 27. Rf1 Kg8 28. Bd2 Nh7 29. Nh5 f6 30. Nf4 Rd7 31. h4 Nf8 32. Rf2 Ng4 33. Re2 Ne5 34. Rg1 Kf7 35. Rf2 Ree7 36. Bh3 Ke8 37. Kh2 Rd8 38. Bf1 Rdd7 39. Be2 Kd8 40.
Rfg2 Kc7 41. Nh5 g6 42. Nxf6 Rd6 43. Ng8 Rh7 44. Nxh6 gxf5 45. Nxf5 Re6 46. Rg7+ Rxg7 47.
Rxg7+ Bd7 48. Bf4 Kc6 49. Ne7+ Kb5 50. h5 Nc6 51. Nd5 Kxa5 52. Bd2+ Nb4 53. Rf7 Re8 54.
h6 Be6 55. Rxb7 Bxd5 56. exd5 Rxe2+ 57. Kg3 Rxd2 58. Rf7 Ng6 59. Rg7 Rd1 60. Kf2 Ne5 61.
Rg5 Rh1 62. Rxe5 Rxh6 63. Re6 Rh7 64. d6 Rd7 65. Kf3 Kb5 66. Ke4 Kc6 67. Ke5 Nxc2 68. Rh6 Nb4 69. Rh3 Rxd6 70. Rh8 Nxd3+ 71. Ke4 Nb4 72. Rc8+ Kb6 73. Ke5 Rd7 74. Rb8+ Rb7 75. Rd8 Nc6+ 76. Kd6 Nxd8 0-1

[Event "Late-Titled-Tuesday-Blitz-March-19-2024"]
[Site "Chess.com"]
[Date "2024.03.19"]
[Round "1"]
[White "Der_Balak_3Halak"]
[Black "Lennis93"]
[Result "0-1"]
[WhiteElo "2415"]
[BlackElo "2738"]
[TimeControl "180+1"]
[EndTime "14:08:57 PDT"]
[Termination "Lennis93 won by resignation"]

1. e4 c5 2. Nf3 d6 3. Bb5+ Bd7 4. Bxd7+ Nxd7 5. O-O Ngf6 6. Re1 e6 7. c3 Be7 8. d4 cxd4 9. cxd4 d5 10. e5 Ne4 11.
Qd3 Rc8 12. Nbd2 Bb4 13. a3 Bxd2 14. Nxd2 Nxd2 15. Bxd2 O-O 16. Rac1 Qb6 17. Bb4 Rfe8 18. Qd2 Nb8 19. Rxc8 Rxc8 20. Rc1 Rxc1+ 21. Qxc1 Nc6 22. Bc5 Qb3 23. h3 h6 24. Qc3 Qxc3 25. bxc3 b6 26. Bb4 f6 27. f4 Kf7 28. Kf2 Kg6 29. Ke3 h5 30. g4 f5 31. g5 Kf7 32. a4 g6 33. Kd3 Ke8 34. Kc2 Kd7 35. Kd3 Kc7 36. Kc2 Kb7 37. Kb3 a5 38. Bd6 Ka6 39. Bf8 b5 40. Bd6 Na7 41. Bc5 bxa4+ 42. Kxa4 Nb5 43. Kb3 a4+ 44. Kb2 Ka5 45. Bb4+ Kb6 46. Kc2 Nc7 47. Bd6 Na6 48. Kb2 Kb5 49. Ka3 Kc4 50. Kxa4 Kxc3 51. Kb5 Kxd4 52. Kxa6 Ke4 53. Kb5 Kxf4 54. Kc6 d4 55. Kd7 d3 56. Bb4 Kxe5 57. Bc3+ Kd5 58. Ke7 f4 59. Kf6 f3 60. Kxg6 f2 61. Kh6 f1=Q 62. g6 Qf4+ 63. Kh7 Qf5 64. Kh6 Qxh3 65. g7 Qe3+ 66. Kh7 Qe4+ 67. Kh8 Qg4 68. Be1 e5 69. Kh7 e4 70. Bd2 h4 71. Bf4 h3 72.
Kh8 Qxg7+ 73. Kxg7 e3 74. Bh2 e2 75. Kf6 d2 76.
Kf5 e1=Q 77. Kg4 Qf1 78. Bg3 Qg2 79. Kh4 d1=Q 0-1

[Event "Late-Titled-Tuesday-Blitz-March-19-2024"]
[Site "Chess.com"]
[Date "2024.03.19"]
[Round "1"]
[White "karinachess1"]
[Black "carloseduar100"]
[Result "1-0"]
[WhiteElo "2614"]
[BlackElo "2253"]
[TimeControl "180+1"]
[EndTime "14:08:58 PDT"]
[Termination "karinachess1 won on time"]

1. d4 d5 2. c4 e5 3. dxe5 d4 4. Nf3 Nc6 5. a3 Nge7 6. Nbd2 Ng6 7. Nb3 Ngxe5 8. Nxe5 Nxe5 9. Nxd4 Bd7 10. e3 Qh4 11.
Be2 O-O-O 12. O-O Bd6 13. f4 Ng4 14. Nf3 Qe7 15. Qb3 Bc5 16. Nd4 Qh4 17. Bxg4 Bxg4 18. Qc3 Rhe8 19. Bd2 Rd6 20. Be1 Qe7 21. b4 Qxe3+ 22.
Qxe3 Rxe3 23. bxc5 Rxd4 24. Bf2 Ree4 25. Bxd4 Rxd4 26.
Rac1 Be6 27. g3 Bxc4 28. Rfd1 Re4 29. Re1 Rxe1+ 30. Rxe1 Kd7 31. Kf2 g6 32. Ke3 h5 33.
Kd4 Be6 34. Re5 Kc6 35. Re1 b6 36. cxb6 axb6 37. Rc1+ Kd6 38. Rd1 c5+ 39. Ke4+ Kc6 40. Ke5 b5 41. Rb1 Bc4 42. Rb2 Be6 43. Rb1 Bc4 44. f5 gxf5 45. Rb2 Be6 46. Kf6 Bc4 47. Kg5 Be6 48. Kxh5 c4 49. Kg5 Kc5 50. h4 c3 51.
Rc2 Kc4 52. h5 Kd3 53. Rxc3+ Kxc3 54. h6 f6+ 55. Kxf6 Bg8 56. Kg7 Bd5 57. h7 Kb3 58.
h8=Q Kxa3 59. Qf8+ b4 60. Qxf5 Bc4 61. Qa5+ Kb3 62.
g4 Kc3 63. g5 Kb3 64. Kf6 Kc3 65. g6 Bb3 66. g7 Bc4 67. Ke5 Bg8 68. Kd6 Kc4 69.
Qc5+ Kb3 70. Qd5+ Bxd5 71. Kxd5 Kc3 72. g8=Q b3 73. Qg3+ Kc2 74. Kc4 b2 75. Qc3+ Kb1 76. Kb3 1-0

[Event "Late-Titled-Tuesday-Blitz-March-19-2024"]
[Site "Chess.com"]
[Date "2024.03.19"]
[Round "1"]
[White "Josetricks"]
[Black "artin10862"]
[Result "1/2-1/2"]
[WhiteElo "2543"]
[BlackElo "2948"]
[TimeControl "180+1"]
[EndTime "14:09:05 PDT"]
[Termination "Game drawn - insufficient material"]

1. e4 e6 2. Nf3 d5 3. Nc3 d4 4. Ne2 c5 5. Ng3 Nc6 6. Bc4 a6 7. a4 Bd6 8. d3 Nge7 9. O-O Ng6 10. Bd2 Bc7 11. h3 Rb8 12. Nh2 e5 13. Qh5 Qh4 14. Nf5 Bxf5 15. Qxf5 O-O 16. Nf3 Qe7 17. a5 Nf4 18.
Bxf4 exf4 19. Bd5 g6 20. Qg4 Nxa5 21. c3 dxc3 22. bxc3 c4 23. d4 b5 24. e5 Kg7 25.
Qxf4 f6 26. exf6+ Rxf6 27. Qh4 Qd6 28. Rfe1 Qxd5 29. Ng5 h6 30. Re7+ Kf8 31. Rxc7 Qxg5 32. Qxg5 hxg5 33. Rxa5 Re8 34. Kf1 Re3 35. Rxa6 Rxa6 36.
fxe3 Ra3 37. Rb7 Rxc3 38. Rxb5 Rxe3 39. Rc5 c3 40. Rxg5 Rd3 41. Rc5 Ke7 42. Ke2 Rd2+ 43.
Ke3 Rxg2 44. Rxc3 Kd6 45. Kf3 Rd2 46. Rc4 Rd3+ 47. Kg4 Kd5 48. Ra4 Re3 49. Ra5+ Kxd4 50. Ra4+ Ke5 51. Ra5+ Kf6 52. Ra4 Kg7 53. h4 Kh6 54. Rb4 Re5 55. Rc4 Rd5 56. Rb4 Rd1 57.
Rc4 Rg1+ 58. Kh3 Kh5 59. Rc5+ Kh6 60. Rc4 Rd1 61. Rb4 Rd5 62. Rc4 Rd3+ 63. Kg4 Re3 64. Rb4 Re2 65. Rb8 Rg2+ 66. Kh3 Rc2 67. Rh8+ Kg7 68. Rb8 Rc3+ 69. Kg4 Rc4+ 70. Kg5 Rc5+ 71. Kg4 Kh6 72. Rh8+ Kg7 73. Rb8 Rd5 74. Rb7+ Kf6 75. Rb4 Rd1 76. Rf4+ Ke5 77. Ra4 Rg1+ 78. Kh3 Kf5 79.
Ra5+ Kf4 80. Ra4+ Ke3 81. Ra3+ Kd2 82. Rg3 Rxg3+ 83. Kxg3 Ke3 84. Kg4 Kf2 85. Kg5 Kg3 86. Kxg6 Kxh4 1/2-1/2

[Event "Late-Titled-Tuesday-Blitz-March-19-2024"]
[Site "Chess.com"]
[Date "2024.03.19"]
[Round "1"]
[White "Orest_Vovk"]
[Black "MikaelyanArman"]
[Result "1/2-1/2"]
[WhiteElo "2506"]
[BlackElo "2844"]
[TimeControl "180+1"]
[EndTime "14:09:05 PDT"]
[Termination "Game drawn - insufficient material"]

1. h4 d5 2. h5 e5 3. h6 Nxh6 4.
d4 Nf5 5. dxe5 Nc6 6. e4 dxe4 7. Qxd8+ Kxd8 8. Nc3 Nxe5 9. Nxe4 Be6 10. Bg5+ Be7 11. O-O-O+ Kc8 12. Bxe7 Nxe7 13. Ng5 Bf5 14. f3 f6 15. Re1 N7c6 16. N5h3 Rd8 17. g4 Bg6 18. Nf4 h6 19. Nxg6 Nxg6 20. Bd3 Nf4 21. Bf5+ Kb8 22.
Ne2 Nxe2+ 23. Rxe2 a5 24. Re6 Ka7 25. Be4 Rd6 26.
Rxd6 cxd6 27. Bxc6 bxc6 28. Re1 Kb6 29. Re7 Ra7 30.
Re8 Kc5 31. Kd2 d5 32. Kd3 a4 33. b3 axb3 34. axb3 Kd6 35. b4 Ra3+ 36. c3 Ra1 37.
Rg8 Ra7 38. Rd8+ Rd7 39. Re8 Re7 40. Rd8+ Ke5 41. Ke3 f5 42. Rc8 fxg4 43. fxg4 Kd6+ 44. Kf3 Rf7+ 45. Ke3 Rf6 46. Rg8 Re6+ 47. Kf3 Rf6+ 48. Ke3 g5 49. Rd8+ Kc7 50. Rh8 Kb6 51. Rb8+ Ka7 52.
Rc8 Kb7 53. Rh8 Rf4 54. Rxh6 Rxg4 55. b5 cxb5 56. Rd6 Rc4 57. Kd3 g4 58. Rxd5 Kb6 59. Rg5 Ka5 60. Rg8 Ka4 61. Kc2 Ka5 62. Ra8+ Kb6 63. Rg8 Kc6 64. Kd3 Kd6 65. Rg6+ Kc5 66. Rg8 Kb6 67. Ra8 Rf4 68. Rb8+ Kc6 69. Rc8+ Kd6 70.
Rg8 Rf3+ 71. Kd4 Rg3 72. Rg5 Rg1 73. Rxb5 g3 74. Ke3 Rf1 75. Rg5 Rc1 76. Kf3 Rxc3+ 77. Kg2 Ke6 78. Rxg3 Rc2+ 79. Kh3 Kf5 80. Rg2 Rc3+ 81. Rg3 Rxg3+ 82. Kxg3 1/2-1/2

[Event "Late-Titled-Tuesday-Blitz-March-19-2024"]
[Site "Chess.com"]
[Date "2024.03.19"]
[Round "1"]
[White "Morscas"]
[Black "annasargsyan_m"]
[Result "1-0"]
[WhiteElo "2333"]
[BlackElo "2630"]
[TimeControl "180+1"]
[EndTime "14:09:05 PDT"]
[Termination "Morscas won by resignation"]

1. e4 c6 2. d4 d5 3. exd5 cxd5 4.
c4 Nc6 5. Nc3 Nf6 6. Nf3 Bg4 7.
cxd5 Nxd5 8. Qb3 Bxf3 9. gxf3 Nb6 10. d5 Nd4 11. Bb5+ Nd7 12. Qa4 Nxf3+ 13. Ke2 Ne5 14. Bf4 a6 15. Bxd7+ Nxd7 16. d6 exd6 17. Nd5 Be7 18.
Rhg1 O-O 19. Bh6 g6 20. Bxf8 Bxf8 21. Qxd7 Qh4 22. Qg4 Re8+ 23. Ne3 Qxh2 24. Rg3 Qh6 25. Rh3 Qg7 26. Rah1 Qxb2+ 27. Kf3 Bg7 28. Rxh7 d5 29. Kg2 Bd4 30. Qf3 Bg7 31. Nxd5 Qe5 32. Ne3 Qg5+ 33. Qg3 Qc5 34. Qf3 Qg5+ 35. Qg3 Qc5 36. R7h4 Qc6+ 37. Qf3 Qc5 38. Rf4 Qg5+ 39. Rg4 Qe5 40.
Qh3 Qb2 41. Qh7+ Kf8 42. Qh3 Qf6 43. Qf3 Qb2 44. Rxg6 Rxe3 45. Qxe3 fxg6 46. Qf3+ Kg8 47. Qd5+ Kf8 48. Qf3+ Kg8 49. Qd5+ Kf8 50. Qd8+ Kf7 51. Qd7+ Kg8 52. Qe6+ Kf8 53. Qxg6 Qxa2 54. Rh3 Qd5+ 55. Rf3+ Kg8 56. Qe8+ Kh7 57. Qf7 Qg5+ 58. Kf1 Qc1+ 59. Ke2 Qc2+ 60. Kf1 Qb1+ 61. Kg2 Qe4 62. Qf5+ Qxf5 63.
Rxf5 b5 64. Rf7 Kg6 65. Ra7 b4 66. Rxa6+ Kf5 67. Rb6 Bc3 68. Kf3 Ke5 69. Ke2 Kd5 70. Kd3 Bd4 71. Rb5+ Bc5 72. f4 Kc6 73. Kc4 Bd6 74. f5 Kd7 75. Rd5 Ke7 76. Kb5 b3 77. Kc6 b2 78. Rd1 Be5 79. Rb1 Kf6 80. Kd5 Kxf5 81. Rf1+ Kg4 82. Kxe5 Kg3 83. Rb1 1-0

[Event "Late-Titled-Tuesday-Blitz-March-19-2024"]
[Site "Chess.com"]
[Date "2024.03.19"]
[Round "1"]
[White "Njal28"]
[Black "PolandHussars"]
[Result "1-0"]
[WhiteElo "3043"]
[BlackElo "2548"]
[TimeControl "180+1"]
[EndTime "14:09:13 PDT"]
[Termination "Njal28 won by checkmate"]

1. e4 e5 2. Nf3 Nc6 3. Bb5 g6 4.
Nc3 Bg7 5. d3 Nge7 6. Bc4 d6 7. a3 O-O 8. O-O h6 9. Nd5 Nxd5 10.
Bxd5 Ne7 11. Ba2 Kh7 12. d4 exd4 13. Nxd4 f5 14. exf5 Nxf5 15. Nxf5 Bxf5 16. c3 Qh4 17. Bd5 c6 18. g3 Qf6 19. Bg2 d5 20. Be3 a6 21.
Bd4 Qf7 22. Qd2 Rae8 23. Rae1 Qd7 24. Rxe8 Rxe8 25. Re1 Rxe1+ 26. Qxe1 Qe6 27. Qxe6 Bxe6 28. f4 Bf5 29. Kf2 Bxd4+ 30. cxd4 Kg7 31. Ke3 Kf6 32.
Kd2 Ke6 33. Kc3 Kd6 34. Bf3 b6 35. g4 Be6 36. b4 c5 37. bxc5+ bxc5 38. Be2 c4 39.
Kb4 Kc6 40. h3 Kb6 41. Bd1 a5+ 42. Kc3 Bd7 43. Bc2 Be8 44. f5 gxf5 45. Bxf5 Kc6 46. h4 Kd6 47. g5 hxg5 48. hxg5 Bd7 49. Bh7 Ke7 50. Kd2 Kf7 51. Ke3 Kg7 52. Bc2 Be8 53.
Kd2 Bg6 54. Bd1 Be4 55. Bh5 Bf5 56. Bf3 Be6 57. Bh5 Bf7 58. Bd1 Kg6 59. Ke3 Kxg5 60. Bc2 Bg6 61. Ba4 c3 62. Bb3 c2 63. Kd2 Kf4 64.
Bxd5 Bh7 65. Bb3 Bg6 66. Bxc2 Be8 67. Kc3 Bd7 68. Kc4 Be6+ 69. d5 Bd7 70. Kc5 Ke5 71.
d6 Bc8 72. Bd3 Bd7 73. Ba6 a4 74. Bb7 Ke6 75. Bd5+ Ke5 76. Bc6 Bc8 77. Bxa4 Ke6 78. Bc6 Bd7 79. a4 Bxc6 80. Kxc6 Kf7 81. a5 Kg7 82. a6 Kh7 83. a7 Kg7 84. a8=Q Kh7 85. Qb7+ Kg6 86. Qe7 Kh6 87. Qe1 Kg6 88. Qf1 Kh6 89.
Qg1 Kh7 90. Qg5 Kh8 91. Kd5 Kh7 92. Ke6 Kh8 93. Kf7 Kh7 94. Qh4# 1-0

[Event "Late-Titled-Tuesday-Blitz-March-19-2024"]
[Site "Chess.com"]
[Date "2024.03.19"]
[Round "1"]
[White "Oleksandr_Bortnyk"]
[Black "yaguigor"]
[Result "1-0"]
[WhiteElo "3076"]
[BlackElo "2559"]
[TimeControl "180+1"]
[EndTime "14:09:20 PDT"]
[Termination "Oleksandr_Bortnyk won on time"]

1. e4 c5 2. c3 Nf6 3. e5 Nd5 4. Nf3 Nc6 5. d4 cxd4 6. cxd4 d6 7.
Bc4 e6 8. O-O Be7 9. Qe2 O-O 10.
Rd1 Na5 11. Bxd5 exd5 12. Nc3 Be6 13. Bf4 Nc6 14. exd6 Bxd6 15. Bxd6 Qxd6 16. h3 a6 17. Rac1 Rfe8 18. Qd2 Bf5 19. Re1 h6 20. Re3 Be4 21.
Rce1 Re7 22. Nxe4 dxe4 23. Rxe4 Rxe4 24. Rxe4 Qd5 25. Qe3 Qxa2 26. Re8+ Rxe8 27. Qxe8+ Kh7 28. Qe4+ g6 29. d5 Na5 30. b4 Nc4 31. Qe7 Qb1+ 32.
Kh2 Qf5 33. Qxb7 Qf4+ 34. Kg1 Qc1+ 35. Kh2 Qf4+ 36. Kh1 Ne5 37. d6 Nxf3 38. Qxf3 Qxd6 39. Qxf7+ Kh8 40. Qe8+ Kg7 41. Qe4 g5 42. g3 Qd2 43.
Qb7+ Kg8 44. Qc8+ Kg7 45. Qb7+ Kg8 46. Kg2 Qd6 47. Qa8+ Kg7 48. Qe4 Qf6 49. h4 gxh4 50. Qxh4 Qc6+ 51. Kg1 Qc1+ 52. Kh2 Qc6 53. Qg4+ Kh7 54.
Qf5+ Kg7 55. Qf4 Kh7 56. Qg4 Qd6 57. Qe4+ Kg7 58. Kg2 Qf6 59. Qg4+ Kh7 60. Qd7+ Kh8 61.
Qc8+ Kg7 62. Qb7+ Kh8 63. Qe4 Kg7 64. g4 Qd6 65. Qb7+ Kf6 66. Qe4 Kg7 67. Kh3 Qf6 68. Kg3 Qd6+ 69. f4 Qb6 70. Qe5+ Kh7 71. Qe4+ Kg7 72. Kf3 Qg1 73. Qb7+ Kg8 74. Qc8+ Kg7 75.
Qc3+ Kg8 76. Qc4+ Kg7 77. f5 Qh1+ 78. Ke3 Qg1+ 79. Kd3 Qf1+ 80. Kc3 Qe1+ 81. Kd4 Qg3 82. Kd5 Kf6 83. Qc6+ Kg7 84. Qg6+ Kf8 85. Qxh6+ Ke8 86. Qe6+ Kf8 87. Qd6+ 1-0

[Event "Late-Titled-Tuesday-Blitz-March-19-2024"]
[Site "Chess.com"]
[Date "2024.03.19"]
[Round "1"]
[White "SaqoChess_Twitch"]
[Black "jamengrand"]
[Result "1-0"]
[WhiteElo "2658"]
[BlackElo "2335"]
[TimeControl "180+1"]
[EndTime "14:09:23 PDT"]
[Termination "SaqoChess_Twitch won on time"]

1. d4 d5 2. c3 Nf6 3. Nf3 g6 4. g3 Bg7 5. Bg2 O-O 6. O-O Nc6 7. Nbd2 Bf5 8. Nh4 Bc8 9. e4 dxe4 10. Nxe4 Nxe4 11.
Bxe4 e5 12. dxe5 Bh3 13. Bg2 Bxg2 14. Nxg2 Nxe5 15. Bf4 Qf6 16. Bxe5 Qxe5 17. Qb3 b6 18.
Rfe1 Qf6 19. Rad1 Rad8 20. Ne3 Rxd1 21. Qxd1 Rd8 22. Qe2 Qe6 23. c4 Bf8 24. b3 Bc5 25.
Nd5 Qxe2 26. Rxe2 c6 27. Ne7+ Bxe7 28. Rxe7 a5 29. Rb7 Rd2 30. Rxb6 Rxa2 31. Rxc6 Rb2 32. Ra6 Rxb3 33. Rxa5 Rc3 34. Rc5 Kf8 35. Rc7 h5 36. h4 f6 37. Kf1 g5 38. hxg5 fxg5 39. Rc5 h4 40. g4 h3 41. Kg1 Kf7 42. Kh2 Kf6 43. Rf5+ Kg6 44. c5 Kh6 45. f3 Kg6 46. Kxh3 Kh6 47. Kg3 Rc2 48. Rd5 Kg6 49. Rd6+ Kf7 50.
c6 Kg7 51. Rd7+ Kf6 52. c7 Kg6 53. Re7 Kf6 54. Rh7 Kg6 55. Rd7 Kf6 56. Rd6+ Kf7 57. Ra6 Rxc7 58. Kf2 Re7 59. Rb6 Kg7 60. Rc6 Kf7 61. Rd6 Kg7 62. Rd3 Kg6 63. Re3 Rc7 64.
Ke2 Rd7 65. Rd3 Re7+ 66. Re3 Rd7 67. Re5 Rd4 68. Ke3 Rb4 69. Re6+ Kf7 70. Rd6 Ke7 71. Rg6 Rb5 72. Ke4 Kf7 73. Rd6 Rb4+ 74. Rd4 Rb5 75. Rd5 Rb4+ 76. Ke5 Rf4 77. Rd3 Kg6 78. Ra3 Kf7 79. Ra7+ Kf8 80. Ra3 Kf7 81. Re3 Kf8 82. Kd5 Kf7 83. Kd6 Kf8 84. Ke6 Kg7 85. Re5 Rxf3 86. Rxg5+ Kf8 87. Rf5+ Rxf5 88. gxf5 Ke8 89. f6 Kf8 90. f7 Kg7 91. Ke7 Kh7 92. f8=Q 1-0

[Event "Late-Titled-Tuesday-Blitz-March-19-2024"]
[Site "Chess.com"]
[Date "2024.03.19"]
[Round "1"]
[White "Muracle"]
[Black "MoldyTofu"]
[Result "1-0"]
[WhiteElo "2585"]
[BlackElo "2075"]
[TimeControl "180+1"]
[EndTime "14:09:29 PDT"]
[Termination "Muracle won by resignation"]

1. d4 Nf6 2. Nf3 g6 3. g3 Bg7 4. Bg2 O-O 5. O-O d6 6. c4 Nbd7 7. Nc3 e5 8. e4 Re8 9. Re1 c5 10.
dxe5 dxe5 11. Bg5 h6 12. Bxf6 Bxf6 13. Nd5 Bg7 14. Qc2 Nb6 15. Rad1 Nxd5 16. exd5 Qc7 17.
Nd2 Bf5 18. Ne4 Bxe4 19. Bxe4 Rad8 20. g4 Rd6 21. Kg2 Qe7 22. h3 b6 23. Rh1 g5 24.
Bf5 Bf6 25. a4 Kg7 26. b3 a5 27. Qe4 Rh8 28. Rh2 Qd8 29. Rdh1 Qb8 30. Qf3 Rdd8 31. Rd1 Qd6 32. Qc3 Rb8 33. Be4 Rbd8 34. Rd3 Rb8 35. Rh1 Rbd8 36. Kf1 Rb8 37. Rg1 Rbd8 38. Rgg3 Rb8 39.
Rdf3 Rbd8 40. Rf5 Qc7 41. Rgf3 Rd6 42. Ke2 Qe7 43. Kd1 Rhd8 44. Kc2 Rb8 45. Kb2 Rbd8 46. Ka2 Rb8 47. Bc2 Rbd8 48. Qd3 Rh8 49. Qe4 Qd8 50. h4 Qe7 51. Kb1 Qd8 52. Rh3 Qb8 53. hxg5 hxg5 54. Rxg5+ Bxg5 55. Rh7+ Rxh7 56. Qxh7+ Kf6 57. Qf5+ Ke7 58.
Qxe5+ Kd7 59. Qxg5 Qe8 60. Bf5+ Kc7 61. Qf4 Qe1+ 62. Kb2 Qe2+ 63. Bc2 Qe7 64. g5 Kd8 65. Kc3 Qe1+ 66. Kb2 Qe7 67. Qh2 Kc7 68. f4 Rd8 69.
f5+ Kb7 70. f6 Qe3 71. Qh7 Qd4+ 72. Ka2 Rd7 73. Qf5 Kc7 74. Qe4 Qxe4 75. Bxe4 Kd6 76.
Bf5 Rc7 77. g6 fxg6 78. Bxg6 Rc8 79. Bh5 Ke5 80. f7 Kf6 81. Bg4 Rf8 82. Be6 Ke5 83.
Kb2 Kd6 84. Kc3 Rh8 85. Kd3 Rf8 86. Ke4 Rd8 87. Kf5 Ke7 88. Ke5 Rh8 89. d6+ Kf8 90. Kd5 Rh6 91. d7 Ke7 92. d8=Q+ Kxd8 93. f8=Q+ 1-0

[Event "Late-Titled-Tuesday-Blitz-March-19-2024"]
[Site "Chess.com"]
[Date "2024.03.19"]
[Round "1"]
[White "EsmeraldasAnderson03"]
[Black "Vladimir_Zakhartsov"]
[Result "1/2-1/2"]
[WhiteElo "2549"]
[BlackElo "2983"]
[TimeControl "180+1"]
[EndTime "14:09:38 PDT"]
[Termination "Game drawn - insufficient material"]

1. d4 Nf6 2. c4 e6 3. Nc3 d5 4. cxd5 exd5 5. Bg5 c6 6. Qc2 h6 7. Bh4 Bd6 8. e3 O-O 9. Nf3 Na6 10. Bxa6 bxa6 11.
O-O Bg4 12. Bg3 Bxf3 13. gxf3 Rc8 14. Na4 Re8 15. Nc5 Qe7 16. Rac1 g6 17. Nxa6 Nh5 18.
Kg2 f5 19. Bxd6 Qxd6 20. f4 Kh7 21. Nc5 Rg8 22. Rg1 Rcf8 23. Nd3 g5 24. fxg5 hxg5 25.
Qxc6 Qxc6 26. Rxc6 f4 27. Ne5 g4 28. Rgc1 f3+ 29. Kg1 Nf6 30. Rc7+ Kh6 31. R1c6 Kg5 32. Nf7+ Kg6 33. Ne5+ Kf5 34. Nd7 Nxd7 35. Rxd7 Ke4 36. Re6+ Kd3 37. Rxd5 Rb8 38. b3 Rbc8 39. Rc5 Ke2 40.
Re4 g3 41. hxg3 Rxg3+ 42. Kh2 Rg2+ 43. Kh3 Rh8+ 44. Rh4 Rxh4+ 45. Kxh4 Kxf2 46. d5 Kxe3 47. d6 Rd2 48. Kg3 f2 49. Re5+ Kd4 50. Rf5 Ke3 51.
Rf3+ Ke4 52. Rxf2 Rxd6 53. Rc2 Rf6 54. Rd2 a6 55. Rd1 Ke3 56. Rd5 Rg6+ 57. Kh2 Kf3 58.
Rd3+ Kf2 59. Rd2+ Ke3 60. Rd5 Kf3 61. Rd3+ Ke4 62. Rd8 Ke3 63. Kh3 Kf4 64. Rd4+ Kf3 65. Rd3+ Ke2 66. Rd4 Ke3 67. Rd5 Ke4 68. Rd8 Rf6 69.
Rd2 Ke3 70. Rd5 Rf2 71. Ra5 Rf6 72. Kg4 Ke4 73. Kg5 Rc6 74. Ra4+ Kd3 75. Kf5 Kc3 76. Ke5 Rh6 77. Kd5 Rg6 78. Kc5 Rh6 79. Rc4+ Kb2 80.
Ra4 Kc3 81. Ra3 Kb2 82. Ra5 Kc3 83. Ra4 Kb2 84. Kb4 Rg6 85. Ka5 Rh6 86. b4 Rg6 87. b5 axb5 88. Rb4+ Kxa2 89. Rxb5 Ka3 90. Rb6 Rg5+ 91. Ka6 Rc5 92. Kb7 Rc4 93. Rc6 Rb4+ 94. Rb6 Ka4 95. Rxb4+ Kxb4 1/2-1/2